Workbook
Name Impt_AD: Grupos!$D$106

Sheet Resumen
B2: Centro | I2: Residencia | J2: Dependientes | K2: No Depend | L2: % Depend
B3: Localidad | I3: Usuarios* | L3: =IFERROR(J3/SUM(J3:K3),0) -> 0
B4: Centro corto | I4: Grupo % dependientes | K4: =IF(L3=0,"",VLOOKUP(L3,Grupos!$B$54:$D$57,2))
B5: Entidad Gestora | I5: * Media anual
B6: Entidad sujeta a IVA
I7: Grupo ratio | J7: =IF(AND(D22>0,L3>0),IF(E25=0,"NO LLEGA A RATIO MÍNIMO: "&CHOOSE(VLOOKUP($L$3,Grupos!$B$54:$D$57,3),Grupos!$E$5,Grupos!$E$12,Grupos!$E$19,Grupos!$E$26)&" h/usu",VLOOKUP(E22&E23&E24,Grupos!$E$32:$G$50,3)),"")
C8: Residencia | D8: Estancia Diurna
B9: Nº plazas autorizadas | C9: 0 | D9: 0 | I9: Cuidador/a €/h | J9: ='Retrib Cui'!B22 -> 0 | K9: Grupo precio | L9: =IF(J9=0,"",VLOOKUP(J9,Grupos!$B$61:$D$63,2))
B10: Nº plazas ocupadas*
B11: * Media anual | I11: =IF(C10<45,"Cláusula 11.1.1","") -> Cláusula 11.1.1
I12: =IF(C10<45,"¿Tiene un turno de noche inferior a dos personas?","") -> ¿Tiene un turno de noche inferior a dos personas?
B13: OFERTA (mismo contenido que en el Anexo II)*
B14: Descripción | C14: Lote | D14: Plazas | I14: ="Módulos "&IF(C6="","",IF(C6="Si","(IVA excluido)","(Exento IVA)")) -> Módulos
B15: Atención Residencial | C15: 1 | J15: Lote 1 | L15: Lote 2
B16: Atención Diurna | C16: 2 | I16: Plaza | J16: Residencia | L16: Estancia Diurna
B17: Serv promoción aut… | C17: 3 | I17: Dependiente | J17: =IF(OR($D$15=0,$L$9="",$J$7="",$E$25=0,$C$6=""),"",VLOOKUP($L$9&"-"&$J$7,Grupos!$D$87:$F$98,IF($C$6="Si",2,3),FALSE)-IF(L12="Si",VLOOKUP(L9,Grupos!$B$110:$C$112,2,FALSE),0)) | L17: =IF(OR($D$16=0,$L$9="",$J$7="",$E$25=0,$C$6=""),"",VLOOKUP($L$9&"-"&$J$7,Grupos!$I$87:$K$98,IF($C$6="Si",2,3),FALSE))
B18: * En caso de discrepancia prevalece lo indicado en el Anexo II | I18: No Dependiente | J18: =IF(OR($D$15=0,$L$9="",$J$7="",$E$25=0,$C$6=""),"",VLOOKUP($L$9,Grupos!$B$102:$D$104,IF($C$6="Si",2,3),FALSE)-IF(L12="Si",VLOOKUP(L9,Grupos!$B$110:$C$112,2,FALSE),0))
B20: Ratios | I20: Lote 3 - Servicios de promoción de la autonomía personal y prevención de la dependencia
B21: Grupo | C21: Horas | D21: Ratios | E21: Grupo Ratio | I21: Grupo de | J21: Módulo
B22: CUIDADOR/A | C22: =F33+J32 -> 0 | D22: =IFERROR(C22/($C$10+$D$10*Impt_AD),0) -> 0 | E22: =VLOOKUP(D22,CHOOSE(VLOOKUP($L$3,Grupos!$B$54:$D$57,3),Grupos!$C$4:$G$7,Grupos!$C$11:$G$14,Grupos!$C$18:$G$21,Grupos!$C$25:$G$28),4) -> 1 | I22: <=5 | J22: =IF(OR($D$17=0,$L$9=""),"",VLOOKUP($L$9,Grupos!$H$102:$L$104,2,FALSE))
B23: ENFERMERIA | C23: =F32 -> 0 | D23: =IFERROR(C23/($C$10+$D$10*Impt_AD),0) -> 0 | E23: =VLOOKUP(D23,CHOOSE(VLOOKUP($L$3,Grupos!$B$54:$D$57,3),Grupos!$D$4:$G$7,Grupos!$D$11:$G$14,Grupos!$D$18:$G$21,Grupos!$D$25:$G$28),3) -> 1 | I23: 6-7 | J23: =IF(OR($D$17=0,$L$9=""),"",VLOOKUP($L$9,Grupos!$H$102:$L$104,3,FALSE))
B24: PERSONAL TÉCNICO | C24: =F30 -> 0 | D24: =IFERROR(C24/($C$10+$D$10*Impt_AD),0) -> 0 | E24: =VLOOKUP(D24,CHOOSE(VLOOKUP($L$3,Grupos!$B$54:$D$57,3),Grupos!$B$4:$G$7,Grupos!$B$11:$G$14,Grupos!$B$18:$G$21,Grupos!$B$25:$G$28),5) -> 1 | I24: 8-9 | J24: =IF(OR($D$17=0,$L$9=""),"",VLOOKUP($L$9,Grupos!$H$102:$L$104,4,FALSE))
B25: Suma AD | C25: =SUM(C22:C24) -> 0 | D25: =IFERROR(C25/$C$10+$D$10*Impt_AD,0) -> 0 | E25: =VLOOKUP(D25,CHOOSE(VLOOKUP($L$3,Grupos!$B$54:$D$57,3),Grupos!$E$4:$G$7,Grupos!$E$11:$G$14,Grupos!$E$18:$G$21,Grupos!$E$25:$G$28),2) -> 0 | I25: 10 | J25: =IF(OR($D$17=0,$L$9=""),"",VLOOKUP($L$9,Grupos!$H$102:$L$104,5,FALSE))
A28: Orden | B28: Grupo | C28: Horas Habit | D28: Horas Sustit. | E28: Subcontrat | F28: Total Horas | I28: Imputación | J28: Tareas de:
A29: 1 | B29: DIRECCIÓN | C29: =SUMIF('Personal Habitual'!$B$5:$B$71,B29,'Personal Habitual'!$E$5:$E$71) -> 0 | D29: =SUMIF('Sustitución vacaciones'!$B$5:$B$71,B29,'Sustitución vacaciones'!$C$5:$C$71) -> 0 | E29: =SUMIF(Subcontratación!$B$5:$B$71,B29,Subcontratación!$C$5:$C$71) -> 0 | F29: =ROUND(SUM(C29:E29),2) -> 0 | I29: Categoría | J29: Cuidador/a | K29: Hostelería | L29: TOTAL
A30: 2 | B30: PERSONAL TÉCNICO | C30: =SUMIF('Personal Habitual'!$B$5:$B$71,B30,'Personal Habitual'!$E$5:$E$71) -> 0 | D30: =SUMIF('Sustitución vacaciones'!$B$5:$B$71,B30,'Sustitución vacaciones'!$C$5:$C$71) -> 0 | E30: =SUMIF(Subcontratación!$B$5:$B$71,B30,Subcontratación!$C$5:$C$71) -> 0 | F30: =ROUND(SUM(C30:E30),2) -> 0 | I30: SER GENERALES | L30: =ROUND(SUM(J30:K30),2) -> 0 | M30: =IF(L30>F36,"Más horas que las indicadas",IF(L30<F36,"Menos horas que las indicadas",""))
A31: 3 | B31: OTROS PERS TÉCNICO | C31: =SUMIF('Personal Habitual'!$B$5:$B$71,B31,'Personal Habitual'!$E$5:$E$71) -> 0 | D31: =SUMIF('Sustitución vacaciones'!$B$5:$B$71,B31,'Sustitución vacaciones'!$C$5:$C$71) -> 0 | E31: =SUMIF(Subcontratación!$B$5:$B$71,B31,Subcontratación!$C$5:$C$71) -> 0 | F31: =ROUND(SUM(C31:E31),2) -> 0 | I31: SER MÚLTIPLES | L31: =ROUND(SUM(J31:K31),2) -> 0 | M31: =IF(L31>F37,"Más horas que las indicadas",IF(L31<F37,"Menos horas que las indicadas",""))
A32: 4 | B32: ENFERMERÍA | C32: =SUMIF('Personal Habitual'!$B$5:$B$71,B32,'Personal Habitual'!$E$5:$E$71) -> 0 | D32: =SUMIF('Sustitución vacaciones'!$B$5:$B$71,B32,'Sustitución vacaciones'!$C$5:$C$71) -> 0 | E32: =SUMIF(Subcontratación!$B$5:$B$71,B32,Subcontratación!$C$5:$C$71) -> 0 | F32: =ROUND(SUM(C32:E32),2) -> 0 | I32: Total | J32: =SUM(J30:J31) -> 0 | K32: =SUM(K30:K31) -> 0 | L32: =ROUND(SUM(J32:K32),2) -> 0
A33: 5 | B33: CUIDADOR/A | C33: =SUMIF('Personal Habitual'!$B$5:$B$71,B33,'Personal Habitual'!$E$5:$E$71) -> 0 | D33: =SUMIF('Sustitución vacaciones'!$B$5:$B$71,B33,'Sustitución vacaciones'!$C$5:$C$71) -> 0 | E33: =SUMIF(Subcontratación!$B$5:$B$71,B33,Subcontratación!$C$5:$C$71) -> 0 | F33: =ROUND(SUM(C33:E33),2) -> 0
A34: 6 | B34: MANTENIMIENTO | C34: =SUMIF('Personal Habitual'!$B$5:$B$71,B34,'Personal Habitual'!$E$5:$E$71) -> 0 | D34: =SUMIF('Sustitución vacaciones'!$B$5:$B$71,B34,'Sustitución vacaciones'!$C$5:$C$71) -> 0 | E34: =SUMIF(Subcontratación!$B$5:$B$71,B34,Subcontratación!$C$5:$C$71) -> 0 | F34: =ROUND(SUM(C34:E34),2) -> 0 | I34: Información que al menos falta para obtener los módulos propuestos
A35: 7 | B35: COCINA | C35: =SUMIF('Personal Habitual'!$B$5:$B$71,B35,'Personal Habitual'!$E$5:$E$71) -> 0 | D35: =SUMIF('Sustitución vacaciones'!$B$5:$B$71,B35,'Sustitución vacaciones'!$C$5:$C$71) -> 0 | E35: =SUMIF(Subcontratación!$B$5:$B$71,B35,Subcontratación!$C$5:$C$71) -> 0 | F35: =ROUND(SUM(C35:E35),2) -> 0 | J35: Falta | K35: Observaciones
A36: 8 | B36: SER GENERALES | C36: =SUMIF('Personal Habitual'!$B$5:$B$71,B36,'Personal Habitual'!$E$5:$E$71) -> 0 | D36: =SUMIF('Sustitución vacaciones'!$B$5:$B$71,B36,'Sustitución vacaciones'!$C$5:$C$71) -> 0 | E36: =SUMIF(Subcontratación!$B$5:$B$71,B36,Subcontratación!$C$5:$C$71) -> 0 | F36: =ROUND(SUM(C36:E36),2) -> 0 | I36: Personal | J36: =IF(E25=0,"No hay información","Hay Información") -> No hay información | K36: 3 pestañas siguientes
A37: 9 | B37: SER MÚLTIPLES | C37: =SUMIF('Personal Habitual'!$B$5:$B$71,B37,'Personal Habitual'!$E$5:$E$71) -> 0 | D37: =SUMIF('Sustitución vacaciones'!$B$5:$B$71,B37,'Sustitución vacaciones'!$C$5:$C$71) -> 0 | E37: =SUMIF(Subcontratación!$B$5:$B$71,B37,Subcontratación!$C$5:$C$71) -> 0 | F37: =ROUND(SUM(C37:E37),2) -> 0 | I37: Retribución cuid | J37: =IF(J9=0,"No hay información","Hay Información") -> No hay información | K37: Pestaña Retrib Cui
A38: 10 | B38: LIMP Y LAV | C38: =SUMIF('Personal Habitual'!$B$5:$B$71,B38,'Personal Habitual'!$E$5:$E$71) -> 0 | D38: =SUMIF('Sustitución vacaciones'!$B$5:$B$71,B38,'Sustitución vacaciones'!$C$5:$C$71) -> 0 | E38: =SUMIF(Subcontratación!$B$5:$B$71,B38,Subcontratación!$C$5:$C$71) -> 0 | F38: =ROUND(SUM(C38:E38),2) -> 0 | I38: Información IVA | J38: =IF(C6=0,"No hay información","Hay Información") -> No hay información | K38: Casilla C7
A39: 11 | B39: PODOLOGÍA | C39: =SUMIF('Personal Habitual'!$B$5:$B$71,B39,'Personal Habitual'!$E$5:$E$71) -> 0 | D39: =SUMIF('Sustitución vacaciones'!$B$5:$B$71,B39,'Sustitución vacaciones'!$C$5:$C$71) -> 0 | E39: =SUMIF(Subcontratación!$B$5:$B$71,B39,Subcontratación!$C$5:$C$71) -> 0 | F39: =ROUND(SUM(C39:E39),2) -> 0 | I39: Ocupación plazas | J39: =IF(C10=0,"No hay información","Hay Información") -> No hay información | K39: Casillas C10 y/o C11
A40: 12 | B40: PELUQUERIA | C40: =SUMIF('Personal Habitual'!$B$5:$B$71,B40,'Personal Habitual'!$E$5:$E$71) -> 0 | D40: =SUMIF('Sustitución vacaciones'!$B$5:$B$71,B40,'Sustitución vacaciones'!$C$5:$C$71) -> 0 | E40: =SUMIF(Subcontratación!$B$5:$B$71,B40,Subcontratación!$C$5:$C$71) -> 0 | F40: =ROUND(SUM(C40:E40),2) -> 0 | I40: % Dependientes | J40: =IF(J3=0,"No hay información","Hay Información") -> No hay información | K40: Casillas J3 y/o K3
A41: 13 | B41: RECEPCIÓN | C41: =SUMIF('Personal Habitual'!$B$5:$B$71,B41,'Personal Habitual'!$E$5:$E$71) -> 0 | D41: =SUMIF('Sustitución vacaciones'!$B$5:$B$71,B41,'Sustitución vacaciones'!$C$5:$C$71) -> 0 | E41: =SUMIF(Subcontratación!$B$5:$B$71,B41,Subcontratación!$C$5:$C$71) -> 0 | F41: =ROUND(SUM(C41:E41),2) -> 0 | I41: Oferta lote 1* | J41: =IF(D15=0,"No hay información","Hay Información") -> No hay información | K41: Casilla D15
A42: 14 | B42: ADMON | C42: =SUMIF('Personal Habitual'!$B$5:$B$71,B42,'Personal Habitual'!$E$5:$E$71) -> 0 | D42: =SUMIF('Sustitución vacaciones'!$B$5:$B$71,B42,'Sustitución vacaciones'!$C$5:$C$71) -> 0 | E42: =SUMIF(Subcontratación!$B$5:$B$71,B42,Subcontratación!$C$5:$C$71) -> 0 | F42: =ROUND(SUM(C42:E42),2) -> 0 | I42: Oferta lote 2* | J42: =IF(D16=0,"No hay información","Hay Información") -> No hay información | K42: Casilla D16
A43: 15 | B43: CD | C43: =SUMIF('Personal Habitual'!$B$5:$B$71,B43,'Personal Habitual'!$E$5:$E$71) -> 0 | D43: =SUMIF('Sustitución vacaciones'!$B$5:$B$71,B43,'Sustitución vacaciones'!$C$5:$C$71) -> 0 | E43: =SUMIF(Subcontratación!$B$5:$B$71,B43,Subcontratación!$C$5:$C$71) -> 0 | F43: =ROUND(SUM(C43:E43),2) -> 0 | I43: Oferta lote 3* | J43: =IF(D17=0,"No hay información","Hay Información") -> No hay información | K43: Casilla D17
I44: =IF(C10>45,"","Turno noche < 2 cuid") -> Turno noche < 2 cuid | J44: =IF(C10>45,"",IF(L12=0,"Falta responder","Respondido")) -> Falta responder | K44: =IF(C10>45,"","Casilla L11") -> Casilla L11
I45: * Sin oferta, no se obtiene información del módulo

Sheet Personal Habitual
A2: ="Centro "&Resumen!$C$2&IF(Resumen!$C$3<>""," de "&Resumen!$C$3,"") -> Centro
A4: Categoría Profesional | B4: Grupo | C4: Jornadas | D4: Horas por jornada al año | E4: Horas PE
A5: Director/a | B5: DIRECCIÓN | E5: =C5*D5 -> 0
A6: Fisioterapeuta | B6: PERSONAL TÉCNICO | E6: =C6*D6 -> 0
A7: Terapeuta ocupacional | B7: PERSONAL TÉCNICO | E7: =C7*D7 -> 0
A8: Médico/a general | B8: PERSONAL TÉCNICO | E8: =C8*D8 -> 0
A9: Psicólogo/a | B9: PERSONAL TÉCNICO | E9: =C9*D9 -> 0
A10: Trabajador/a social | B10: PERSONAL TÉCNICO | E10: =C10*D10 -> 0
A11: Psiquiatra | B11: PERSONAL TÉCNICO | E11: =C11*D11 -> 0
A12: Coordinador/a | B12: OTROS PERS TÉCNICO | E12: =C12*D12 -> 0
A13: Técnico Grado Medio | B13: OTROS PERS TÉCNICO | E13: =C13*D13 -> 0
A14: Responsable de calidad | B14: OTROS PERS TÉCNICO | E14: =C14*D14 -> 0
A15: Técnico deportivo | B15: OTROS PERS TÉCNICO | E15: =C15*D15 -> 0
A16: Enfermero/a | B16: ENFERMERÍA | E16: =C16*D16 -> 0
... A48: Mantenimiento/Transporte | B48: CD | E48: =C48*D48 -> 0
E49: =C49*D49 -> 0
E50: =C50*D50 -> 0
E51: =C51*D51 -> 0
E52: =C52*D52 -> 0
E53: =C53*D53 -> 0
E54: =C54*D54 -> 0
E55: =C55*D55 -> 0
E56: =C56*D56 -> 0
E57: =C57*D57 -> 0
E58: =C58*D58 -> 0
E59: =C59*D59 -> 0
E60: =C60*D60 -> 0
... E71: =C71*D71 -> 0

Sheet Sustitución vacaciones
A2: ="Centro "&Resumen!$C$2&IF(Resumen!$C$3<>""," de "&Resumen!$C$3,"") -> Centro
A4: Categoría Profesional | B4: Grupo | C4: Horas
A5: Director/a | B5: DIRECCIÓN
A6: Fisioterapeuta | B6: PERSONAL TÉCNICO
A7: Terapeuta ocupacional | B7: PERSONAL TÉCNICO
A8: Médico/a general | B8: PERSONAL TÉCNICO
A9: Psicólogo/a | B9: PERSONAL TÉCNICO
A10: Trabajador/a social | B10: PERSONAL TÉCNICO
A11: Psiquiatra | B11: PERSONAL TÉCNICO
A12: Coordinador/a | B12: OTROS PERS TÉCNICO
A13: Técnico Grado Medio | B13: OTROS PERS TÉCNICO
A14: Responsable de calidad | B14: OTROS PERS TÉCNICO
A15: Técnico deportivo | B15: OTROS PERS TÉCNICO
A16: Enfermero/a | B16: ENFERMERÍA
... A48: Mantenimiento/Transporte | B48: CD

Sheet Subcontratación
A2: ="Centro "&Resumen!$C$2&IF(Resumen!$C$3<>""," de "&Resumen!$C$3,"") -> Centro
A4: Categoría Profesional | B4: Grupo | C4: Horas anuales | D4: Entidad o persona que presta el servicio
A5: Director/a | B5: DIRECCIÓN
A6: Fisioterapeuta | B6: PERSONAL TÉCNICO
A7: Terapeuta ocupacional | B7: PERSONAL TÉCNICO
A8: Médico/a general | B8: PERSONAL TÉCNICO
A9: Psicólogo/a | B9: PERSONAL TÉCNICO
A10: Trabajador/a social | B10: PERSONAL TÉCNICO
A11: Psiquiatra | B11: PERSONAL TÉCNICO
A12: Coordinador/a | B12: OTROS PERS TÉCNICO
A13: Técnico Grado Medio | B13: OTROS PERS TÉCNICO
A14: Responsable de calidad | B14: OTROS PERS TÉCNICO
A15: Técnico deportivo | B15: OTROS PERS TÉCNICO
A16: Enfermero/a | B16: ENFERMERÍA
... A48: Mantenimiento/Transporte | B48: CD

Sheet Retrib Cui
A3: ="Centro "&Resumen!$C$2&IF(Resumen!$C$3<>""," de "&Resumen!$C$3,"") -> Centro
A5: CÁLCULO COSTE HORA CUIDADOR/A
A7: Convenio Aplicable
B9: BON | C9: BOE
A10: Fecha Publicación
A12: Jornada anual | C12: Al 100% de jornada según convenio
A13: Nº de pagas
A14: Salario Base | C14: Según tablas salariales / Importe mensual
A15: Plus Asistencia | C15: Según tablas salariales / Importe mensual
A16: Plus Actividad | C16: Según tablas salariales / Importe mensual
A17: C. Puesto | C17: Según tablas salariales / Importe mensual
A18: C. Disponibilidad | C18: Según tablas salariales / Importe mensual
C19: Según tablas salariales / Importe mensual
A20: Salario mes | B20: =SUM(B14:B19) -> 0
A21: Salario anual | B21: =B20*B13 -> 0
A22: Coste hora | B22: =IFERROR(B21/B12,0) -> 0

Sheet Grupos
B2: 000,00%-040,00%
B3: Lim Téc | C3: Lim Cuid | D3: Lim Enf | E3: Lim AD | F3: Nivel | G3: GrupoRatio
E4: 0 | F4: 0 | G4: No llega
B5: 0 | C5: 0 | D5: 0 | E5: 338 | F5: 1 | G5: Ratio I
B6: 27 | C6: 304 | D6: 42 | E6: 338 | F6: 2 | G6: Ratio II
B7: 33 | C7: 316 | D7: 50 | E7: 338 | F7: 3 | G7: Ratio III
B9: 040,00%-060,00%
B10: Lim Téc | C10: Lim Cuid | D10: Lim Enf | E10: Lim AD | F10: Nivel | G10: GrupoRatio
E11: 0 | F11: 0 | G11: No llega
B12: 0 | C12: 0 | D12: 0 | E12: 405 | F12: 1 | G12: Ratio I
B13: 32 | C13: 388.4 | D13: 53 | E13: 405 | F13: 2 | G13: Ratio II
B14: 45 | C14: 412 | D14: 70 | E14: 405 | F14: 3 | G14: Ratio III
B16: 060,00%-080,00%
B17: Lim Téc | C17: Lim Cuid | D17: Lim Enf | E17: Lim AD | F17: Nivel | G17: GrupoRatio
E18: 0 | F18: 0 | G18: No llega
B19: 0 | C19: 0 | D19: 0 | E19: 472 | F19: 1 | G19: Ratio I
B20: 37 | C20: 473 | D20: 65 | E20: 472 | F20: 2 | G20: Ratio II
B21: 57 | C21: 508 | D21: 90 | E21: 472 | F21: 3 | G21: Ratio III
B23: 080,00%-100,00%
B24: Lim Téc | C24: Lim Cuid | D24: Lim Enf | E24: Lim AD | F24: Nivel | G24: GrupoRatio
E25: 0 | F25: 0 | G25: No llega
B26: 0 | C26: 0 | D26: 0 | E26: 539 | F26: 1 | G26: Ratio I
B27: 43 | C27: 557 | D27: 76 | E27: 539 | F27: 2 | G27: Ratio II
B28: 69.1 | C28: 604 | D28: 110 | E28: 539 | F28: 3 | G28: Ratio III
B30: Asignación GrupoRatio
B31: GR Cuidador | C31: GR Tec | D31: GR Enf | E31: Conjunto | F31: Nivel | G31: GrupoRatio
B32: 1 | E32: 1 | F32: 1 | G32: Ratio I
B33: 2 | C33: 1 | D33: 1 | E33: 211 | F33: 1 | G33: Ratio I
B34: 2 | C34: 1 | D34: 2 | E34: 212 | F34: 2 | G34: Ratio II
B35: 2 | C35: 1 | D35: 3 | E35: 213 | F35: 2 | G35: Ratio II
B36: 2 | C36: 2 | D36: 1 | E36: 221 | F36: 2 | G36: Ratio II
B37: 2 | C37: 2 | D37: 2 | E37: 222 | F37: 2 | G37: Ratio II
B38: 2 | C38: 2 | D38: 3 | E38: 223 | F38: 2 | G38: Ratio II
B39: 2 | C39: 3 | D39: 1 | E39: 231 | F39: 2 | G39: Ratio II
B40: 2 | C40: 3 | D40: 2 | E40: 232 | F40: 2 | G40: Ratio II
B41: 2 | C41: 3 | D41: 3 | E41: 233 | F41: 2 | G41: Ratio II
B42: 3 | C42: 1 | D42: 1 | E42: 311 | F42: 2 | G42: Ratio II
B43: 3 | C43: 1 | D43: 2 | E43: 312 | F43: 2 | G43: Ratio II
B44: 3 | C44: 1 | D44: 3 | E44: 313 | F44: 3 | G44: Ratio III
... B50: 3 | C50: 3 | D50: 3 | E50: 333 | F50: 3 | G50: Ratio III
B52: Grupo dependientes
B53: Limite Inf | C53: Grupo Dpte | D53: Nivel
B54: 0 | C54: 000,00%-040,00% | D54: 1
B55: 0.4 | C55: 040,00%-060,00% | D55: 2
B56: 0.6 | C56: 060,00%-080,00% | D56: 3
B57: 0.8 | C57: 080,00%-100,00% | D57: 4
B59: Grupo precio c/h cuidador (sin Seg. Soc ni Absentimso)
B60: Limite Inf | C60: Grupo precio | D60: Nivel
B61: 0 | C61: PRECIO I | D61: 1
B62: 8.66 | C62: PRECIO II | D62: 2
B63: 10.82 | C63: PRECIO III | D63: 3
B65: Categorías profesionales
B66: Grupo | C66: Categorías Profesionales
B68: DIRECCIÓN | C68: Director/a
B69: PERSONAL TÉCNICO | C69: Fisioterap. | D69: Terap. Ocupa. | E69: Médico gral | F69: Psicólogo/a | G69: Trabajador/a social
B70: OTROS PERS TÉCNICO | C70: Coordinador/a | D70: Técnico Grado Medio | E70: Respons. calidad | F70: Téc. deportivo
B71: ENFERMERÍA | C71: Enfermero/a | D71: Supervisor/a enferm.
B72: CUIDADOR/A | C72: Auxiliar ocio | D72: Cuidador/a | E72: Monitor/a ocio | F72: Superv. Cuidad | G72: Ocios Fin Seman
B73: MANTENIMIENTO | C73: Mantenimiento
B74: COCINA | C74: Ayud cocina | D74: Cocinero/a
B75: SER GENERALES | C75: Gobernanta | D75: Servicios generales
B76: SER MÚLTIPLES | C76: Servicios múltiples
B77: LIMP Y LAV | C77: Limpieza | D77: Limpieza y lavandería | E77: Lavandería
B78: PODOLOGÍA | C78: Podólogo/a
B79: PELUQUERIA | C79: Peluquero/a
B80: RECEPCIÓN | C80: Recepción
B81: ADMON | C81: Auxil. Admvo | D81: Ofici. Admvo | E81: Respons RR HH | F81: Cordinac. Admon
B82: CD | C82: Director/a CD | D82: Psicólogo/a CD | E82: Trabajador/a social CD | F82: Fisio CD | G82: Enferm CD
B83: CD | C83: Terapocupac CD | D83: Cuidador/a CD | E83: Apoyo transp CD | F83: Cuidador/Conductor Transp | G83: Manteni/Transp
B85: Módulos dependiente - Residencia | H85: Módulos Estancias Diurnas
B86: Grupo Precio | C86: Grupo Ratio | D86: Combinación | E86: IVA excluido | F86: No sujeto IVA | H86: Grupo Precio | I86: Combinación | J86: IVA excluido | K86: No sujeto IVA
B87: PRECIO I | C87: No llega | D87: PRECIO I-No llega | H87: PRECIO I | I87: PRECIO I-No llega
C88: Ratio I | D88: PRECIO I-Ratio I | E88: 1668.38 | F88: 1754.77 | I88: PRECIO I-Ratio I | J88: 566.75 | K88: 596.1
C89: Ratio II | D89: PRECIO I-Ratio II | E89: 1807.86 | F89: 1894.24 | I89: PRECIO I-Ratio II | J89: 614.13 | K89: 643.47
C90: Ratio III | D90: PRECIO I-Ratio III | E90: 1961.25 | F90: 2047.64 | I90: PRECIO I-Ratio III | J90: 666.24 | K90: 695.58
B91: PRECIO II | C91: No llega | D91: PRECIO II-No llega | H91: PRECIO II | I91: PRECIO II-No llega
C92: Ratio I | D92: PRECIO II-Ratio I | E92: 1879.19 | F92: 1965.58 | I92: PRECIO II-Ratio I | J92: 638.36 | K92: 667.71
C93: Ratio II | D93: PRECIO II-Ratio II | E93: 2048.72 | F93: 2135.1 | I93: PRECIO II-Ratio II | J93: 695.95 | K93: 725.29
C94: Ratio III | D94: PRECIO II-Ratio III | E94: 2235.63 | F94: 2322.01 | I94: PRECIO II-Ratio III | J94: 759.44 | K94: 788.79
B95: PRECIO III | C95: No llega | D95: PRECIO III-No llega | H95: PRECIO III | I95: PRECIO III-No llega
C96: Ratio I | D96: PRECIO III-Ratio I | E96: 1935.57 | F96: 2024.54 | I96: PRECIO III-Ratio I | J96: 657.51 | K96: 687.74
C97: Ratio II | D97: PRECIO III-Ratio II | E97: 2110.18 | F97: 2199.16 | I97: PRECIO III-Ratio II | J97: 716.83 | K97: 747.05
C98: Ratio III | D98: PRECIO III-Ratio III | E98: 2302.69 | F98: 2391.67 | I98: PRECIO III-Ratio III | J98: 782.23 | K98: 812.45
B100: Módulo no dependiente | H100: Módulos de servicios de promoción de la autonomía personal y prevención de la dependencia
B101: Grupo Precio | C101: IVA excluido | D101: No sujeto IVA | H101: Grupos de | I101: <=5 | J101: 6-7 | K101: 8-9 | L101: 10
B102: PRECIO I | C102: 1268.32 | D102: 1354.7 | H102: Precio I | I102: 600.33 | J102: 660.36 | K102: 720.39 | L102: 780.42
B103: PRECIO II | C103: 1396.04 | D103: 1482.43 | H103: Precio II | I103: 728.59 | J103: 801.44 | K103: 874.3 | L103: 947.16
B104: PRECIO III | C104: 1557.2 | D104: 1643.59 | H104: Precio III | I104: 750.44 | J104: 825.49 | K104: 900.53 | L104: 975.58
B106: Porcentaje imputación atención diurna | D106: 0.3397
B108: Descuento por tener turno de noche inferior a 2 personas
B109: Grupo Precio | C109: Descuento
B110: PRECIO I | C110: 18.74
B111: PRECIO II | C111: 25.54
B112: PRECIO III | C112: 25.27

Sheet Exportación Datos
A1: Nº | B1: CENTRO | C1: LOC | D1: CEN | E1: GESTOR | F1: IVA | G1: AUTO_RES | H1: AUTO_ED | I1: OCUP_RES | J1: OCUP_ED | K1: DEP | L1: NODEP | M1: %DEP | N1: OFER_LOTE1 | O1: OFER_LOTE2 | P1: OFER_LOTE3 | Q1: MOD_DEP | R1: MOD_NO_DEP | S1: MOD_AD | T1: MOD_AUT_G5 | U1: MOD_AUT_G7 | V1: MOD_AUT_G9 | W1: MOD_AUT_G10 | X1: GRUP_DEP | Y1: GRUP_AD | Z1: GRUP_CUI | AA1: GRUP_ENF | AB1: GRUP_TEC | AC1: GRUP_RATIO | AD1: GRUP_PREC | AE1: RAT_CUI | AF1: RAT_ENF | AG1: RAT_TEC | AH1: RAT_AD | AI1: CUI_COSTE | AJ1: F_DIR | AK1: F_TEC | AL1: F_OTEC | AM1: F_ENF | AN1: F_CUI | AO1: F_MAN | AP1: F_COC | AQ1: F_SGEN | AR1: F_SMULT | AS1: F_LIMP | AT1: F_PODO | AU1: F_PELU | AV1: F_REC | AW1: F_ADMON | AX1: F_CD | AY1: T_DIR | AZ1: T_TEC | BA1: T_OTEC | BB1: T_ENF | BC1: T_CUI | BD1: T_MAN | BE1: T_COC | BF1: T_SGEN | BG1: T_SMULT | BH1: T_LIMP | BI1: T_PODO | BJ1: T_PELU | BK1: T_REC | BL1: T_ADMON | BM1: T_CD | BN1: S_DIR | BO1: S_TEC | BP1: S_OTEC | BQ1: S_ENF | BR1: S_CUI | BS1: S_MAN | BT1: S_COC | BU1: S_SGEN | BV1: S_SMULT | BW1: S_LIMP | BX1: S_PODO | BY1: S_PELU | BZ1: S_REC | CA1: S_ADMON | CB1: S_CD | CC1: Σ_DIR | CD1: Σ_TEC | CE1: Σ_OTEC | CF1: Σ_ENF | CG1: Σ_CUI | CH1: Σ_MAN | CI1: Σ_COC | CJ1: Σ_SGEN | CK1: Σ_SMULT | CL1: Σ_LIMP | CM1: Σ_PODO | CN1: Σ_PELU | CO1: Σ_REC | CP1: Σ_ADMON | CQ1: Σ_CD | CR1: GEN(CUI) | CS1: GEN(HOST) | CT1: MULT(CUI) | CU1: MULT(HOST) | CV1: NOCHE_1
B2: =$B$7 | C2: =$B$8 | D2: =$B$9 | E2: =$B$10 | F2: =$B$11 | G2: =$B$12 -> 0 | H2: =$B$13 -> 0 | I2: =$B$14 -> 0 | J2: =$B$15 -> 0 | K2: =$B$16 -> 0 | L2: =$B$17 -> 0 | M2: =$B$18 -> 0 | N2: =$B$19 -> 0 | O2: =$B$20 -> 0 | P2: =$B$21 -> 0 | Q2: =$B$22 | R2: =$B$23 | S2: =$B$24 | T2: =$B$25 | U2: =$B$26 | V2: =$B$27 | W2: =$B$28 | X2: =$B$29 | Y2: =$B$30 -> 0 | Z2: =$B$31 -> 1 | AA2: =$B$32 -> 1 | AB2: =$B$33 -> 1 | AC2: =$B$34 | AD2: =$B$35 | AE2: =$B$36 -> 0 | AF2: =$B$37 -> 0 | AG2: =$B$38 -> 0 | AH2: =$B$39 -> 0 | AI2: =$B$40 -> 0 | AJ2: =$B$41 -> 0 | AK2: =$B$42 -> 0 | AL2: =$B$43 -> 0 | AM2: =$B$44 -> 0 | AN2: =$B$45 -> 0 | AO2: =$B$46 -> 0 | AP2: =$B$47 -> 0 | AQ2: =$B$48 -> 0 | AR2: =$B$49 -> 0 | AS2: =$B$50 -> 0 | AT2: =$B$51 -> 0 | AU2: =$B$52 -> 0 | AV2: =$B$53 -> 0 | AW2: =$B$54 -> 0 | AX2: =$B$55 -> 0 | AY2: =$B$56 -> 0 | AZ2: =$B$57 -> 0 | BA2: =$B$58 -> 0 | BB2: =$B$59 -> 0 | BC2: =$B$60 -> 0 | BD2: =$B$61 -> 0 | BE2: =$B$62 -> 0 | BF2: =$B$63 -> 0 | BG2: =$B$64 -> 0 | BH2: =$B$65 -> 0 | BI2: =$B$66 -> 0 | BJ2: =$B$67 -> 0 | BK2: =$B$68 -> 0 | BL2: =$B$69 -> 0 | BM2: =$B$70 -> 0 | BN2: =$B$71 -> 0 | BO2: =$B$72 -> 0 | BP2: =$B$73 -> 0 | BQ2: =$B$74 -> 0 | BR2: =$B$75 -> 0 | BS2: =$B$76 -> 0 | BT2: =$B$77 -> 0 | BU2: =$B$78 -> 0 | BV2: =$B$79 -> 0 | BW2: =$B$80 -> 0 | BX2: =$B$81 -> 0 | BY2: =$B$82 -> 0 | BZ2: =$B$83 -> 0 | CA2: =$B$84 -> 0 | CB2: =$B$85 -> 0 | CC2: =$B$86 -> 0 | CD2: =$B$87 -> 0 | CE2: =$B$88 -> 0 | CF2: =$B$89 -> 0 | CG2: =$B$90 -> 0 | CH2: =$B$91 -> 0 | CI2: =$B$92 -> 0 | CJ2: =$B$93 -> 0 | CK2: =$B$94 -> 0 | CL2: =$B$95 -> 0 | CM2: =$B$96 -> 0 | CN2: =$B$97 -> 0 | CO2: =$B$98 -> 0 | CP2: =$B$99 -> 0 | CQ2: =$B$100 -> 0 | CR2: =$B$101 -> 0 | CS2: =$B$102 -> 0 | CT2: =$B$103 -> 0 | CU2: =$B$104 -> 0 | CV2: =$B$105 -> 0
A7: CENTRO | B7: =IF(Resumen!C2=0,"",Resumen!C2) | D7: =$B$7 | F7: Centro
A8: LOC | B8: =IF(Resumen!C3=0,"",Resumen!C3) | D8: =$B$8 | F8: Localidad
A9: CEN | B9: =IF(Resumen!C4=0,"",Resumen!C4) | D9: =$B$9 | F9: Centro corto (nuestra denominación)
A10: GESTOR | B10: =IF(Resumen!C5=0,"",Resumen!C5) | D10: =$B$10 | F10: Gestor
A11: IVA | B11: =IF(Resumen!C6=0,"",Resumen!C6) | D11: =$B$11 | F11: Entidad sujeta a iva (SI) o exenta (NO)
A12: AUTO_RES | B12: =Resumen!C9 -> 0 | D12: =$B$12 -> 0 | F12: Plazas autorizadas residenciales
A13: AUTO_ED | B13: =Resumen!D9 -> 0 | D13: =$B$13 -> 0 | F13: Plazas autorizadas estancia diurna
A14: OCUP_RES | B14: =Resumen!C10 -> 0 | D14: =$B$14 -> 0 | F14: Ocupación media anual residencia
A15: OCUP_ED | B15: =Resumen!$D$10 -> 0 | D15: =$B$15 -> 0 | F15: Ocupación media estancia diurna
A16: DEP | B16: =Resumen!J3 -> 0 | D16: =$B$16 -> 0 | F16: Nº usuarios dependientes
A17: NODEP | B17: =Resumen!K3 -> 0 | D17: =$B$17 -> 0 | F17: Nº usuarios no dependientes
A18: %DEP | B18: =Resumen!L3 -> 0 | D18: =$B$18 -> 0 | F18: % de usuarios dependientes sobre la cpacidad
A19: OFER_LOTE1 | B19: =Resumen!D15 -> 0 | D19: =$B$19 -> 0 | F19: Plazas ofertadas en el lote 1: Atención residencial
A20: OFER_LOTE2 | B20: =Resumen!D16 -> 0 | D20: =$B$20 -> 0 | F20: Plazas ofertadas en el lote 2: Atención diurna
A21: OFER_LOTE3 | B21: =Resumen!D17 -> 0 | D21: =$B$21 -> 0 | F21: Plazas ofertadas en el lote 3: Servicio de promoción de la autonomía personal y prevención de la dependencia
A22: MOD_DEP | B22: =Resumen!J17 | D22: =$B$22 | F22: Módulo de dependiente
A23: MOD_NO_DEP | B23: =Resumen!J18 | D23: =$B$23 | F23: Módulo de no dependiente
A24: MOD_AD | B24: =Resumen!L17 | D24: =$B$24 | F24: Módulo de atención diurna
A25: MOD_AUT_G5 | B25: =Resumen!J22 | D25: =$B$25 | F25: Módulo de promoción autonomía menor de 5 usuarios
A26: MOD_AUT_G7 | B26: =Resumen!J23 | D26: =$B$26 | F26: Módulo de promoción autonomía de 6 a 7 usuarios
A27: MOD_AUT_G9 | B27: =Resumen!J24 | D27: =$B$27 | F27: Módulo de promoción autonomía de 8 a 9 usuarios
A28: MOD_AUT_G10 | B28: =Resumen!J25 | D28: =$B$28 | F28: Módulo de promoción autonomía mayor de 10 usuarios
A29: GRUP_DEP | B29: =Resumen!K4 | D29: =$B$29 | F29: Grupo dependiente
A30: GRUP_AD | B30: =Resumen!E25 -> 0 | D30: =$B$30 -> 0 | F30: Grupo Atención directa
A31: GRUP_CUI | B31: =Resumen!E22 -> 1 | D31: =$B$31 -> 1 | F31: Grupo cuidador
A32: GRUP_ENF | B32: =Resumen!E23 -> 1 | D32: =$B$32 -> 1 | F32: Grupo enfermería
A33: GRUP_TEC | B33: =Resumen!E24 -> 1 | D33: =$B$33 -> 1 | F33: Grupo Técnico
A34: GRUP_RATIO | B34: =Resumen!J7 | D34: =$B$34 | F34: Grupo Ratio
A35: GRUP_PREC | B35: =Resumen!L9 | D35: =$B$35 | F35: Grupo Precio
A36: RAT_CUI | B36: =Resumen!D22 -> 0 | D36: =$B$36 -> 0 | F36: Ratio cuidador
A37: RAT_ENF | B37: =Resumen!D23 -> 0 | D37: =$B$37 -> 0 | F37: Ratio enfermería
A38: RAT_TEC | B38: =Resumen!D24 -> 0 | D38: =$B$38 -> 0 | F38: Ratio personal técnico
A39: RAT_AD | B39: =Resumen!D25 -> 0 | D39: =$B$39 -> 0 | F39: Ratio Atención Directa
A40: CUI_COSTE | B40: =Resumen!J9 -> 0 | D40: =$B$40 -> 0 | F40: Coste hora cuidador
A41: F_DIR | B41: =Resumen!C29 -> 0 | D41: =$B$41 -> 0 | F41: Personal fijo, horas director
A42: F_TEC | B42: =Resumen!C30 -> 0 | D42: =$B$42 -> 0 | F42: Personal fijo, horas técnico
A43: F_OTEC | B43: =Resumen!C31 -> 0 | D43: =$B$43 -> 0 | F43: Personal fijo, horas otros técnicos
A44: F_ENF | B44: =Resumen!C32 -> 0 | D44: =$B$44 -> 0 | F44: Personal fijo, horas enfermería
A45: F_CUI | B45: =Resumen!C33 -> 0 | D45: =$B$45 -> 0 | F45: Personal fijo, horas cuidador
A46: F_MAN | B46: =Resumen!C34 -> 0 | D46: =$B$46 -> 0 | F46: Personal fijo, horas mantenimiento
A47: F_COC | B47: =Resumen!C35 -> 0 | D47: =$B$47 -> 0 | F47: Personal fijo, horas cocina
A48: F_SGEN | B48: =Resumen!C36 -> 0 | D48: =$B$48 -> 0 | F48: Personal fijo, horas servicios generales
A49: F_SMULT | B49: =Resumen!C37 -> 0 | D49: =$B$49 -> 0 | F49: Personal fijo, horas servicios múltiples
A50: F_LIMP | B50: =Resumen!C38 -> 0 | D50: =$B$50 -> 0 | F50: Personal fijo, horas limpieza y lavandería
A51: F_PODO | B51: =Resumen!C39 -> 0 | D51: =$B$51 -> 0 | F51: Personal fijo, horas podólogo
A52: F_PELU | B52: =Resumen!C40 -> 0 | D52: =$B$52 -> 0 | F52: Personal fijo, horas peluquería
A53: F_REC | B53: =Resumen!C41 -> 0 | D53: =$B$53 -> 0 | F53: Personal fijo, horas recpeción
A54: F_ADMON | B54: =Resumen!C42 -> 0 | D54: =$B$54 -> 0 | F54: Personal fijo, horas administración
A55: F_CD | B55: =Resumen!C43 -> 0 | D55: =$B$55 -> 0 | F55: Personal fijo, horas personal centro día
A56: T_DIR | B56: =Resumen!D29 -> 0 | D56: =$B$56 -> 0 | F56: Contratación temporal, horas director
A57: T_TEC | B57: =Resumen!D30 -> 0 | D57: =$B$57 -> 0 | F57: Contratación temporal, horas técnico
A58: T_OTEC | B58: =Resumen!D31 -> 0 | D58: =$B$58 -> 0 | F58: Contratación temporal, horas otros técnicos
A59: T_ENF | B59: =Resumen!D32 -> 0 | D59: =$B$59 -> 0 | F59: Contratación temporal, horas enfermería
A60: T_CUI | B60: =Resumen!D33 -> 0 | D60: =$B$60 -> 0 | F60: Contratación temporal, horas cuidador
A61: T_MAN | B61: =Resumen!D34 -> 0 | D61: =$B$61 -> 0 | F61: Contratación temporal, horas mantenimiento
A62: T_COC | B62: =Resumen!D35 -> 0 | D62: =$B$62 -> 0 | F62: Contratación temporal, horas cocina
A63: T_SGEN | B63: =Resumen!D36 -> 0 | D63: =$B$63 -> 0 | F63: Contratación temporal, horas servicios generales
A64: T_SMULT | B64: =Resumen!D37 -> 0 | D64: =$B$64 -> 0 | F64: Contratación temporal, horas servicios múltiples
A65: T_LIMP | B65: =Resumen!D38 -> 0 | D65: =$B$65 -> 0 | F65: Contratación temporal, horas limpieza y lavandería
A66: T_PODO | B66: =Resumen!D39 -> 0 | D66: =$B$66 -> 0 | F66: Contratación temporal, horas podólogo
A67: T_PELU | B67: =Resumen!D40 -> 0 | D67: =$B$67 -> 0 | F67: Contratación temporal, horas peluquería
A68: T_REC | B68: =Resumen!D41 -> 0 | D68: =$B$68 -> 0 | F68: Contratación temporal, horas recpeción
A69: T_ADMON | B69: =Resumen!D42 -> 0 | D69: =$B$69 -> 0 | F69: Contratación temporal, horas administración
A70: T_CD | B70: =Resumen!D43 -> 0 | D70: =$B$70 -> 0 | F70: Contratación temporal, horas personal centro día
A71: S_DIR | B71: =Resumen!E29 -> 0 | D71: =$B$71 -> 0 | F71: Subcontratación, horas director
A72: S_TEC | B72: =Resumen!E30 -> 0 | D72: =$B$72 -> 0 | F72: Subcontratación, horas técnico
A73: S_OTEC | B73: =Resumen!E31 -> 0 | D73: =$B$73 -> 0 | F73: Subcontratación, horas otros técnicos
A74: S_ENF | B74: =Resumen!E32 -> 0 | D74: =$B$74 -> 0 | F74: Subcontratación, horas enfermería
A75: S_CUI | B75: =Resumen!E33 -> 0 | D75: =$B$75 -> 0 | F75: Subcontratación, horas cuidador
A76: S_MAN | B76: =Resumen!E34 -> 0 | D76: =$B$76 -> 0 | F76: Subcontratación, horas mantenimiento
A77: S_COC | B77: =Resumen!E35 -> 0 | D77: =$B$77 -> 0 | F77: Subcontratación, horas cocina
A78: S_SGEN | B78: =Resumen!E36 -> 0 | D78: =$B$78 -> 0 | F78: Subcontratación, horas servicios generales
A79: S_SMULT | B79: =Resumen!E37 -> 0 | D79: =$B$79 -> 0 | F79: Subcontratación, horas servicios múltiples
A80: S_LIMP | B80: =Resumen!E38 -> 0 | D80: =$B$80 -> 0 | F80: Subcontratación, horas limpieza y lavandería
A81: S_PODO | B81: =Resumen!E39 -> 0 | D81: =$B$81 -> 0 | F81: Subcontratación, horas podólogo
A82: S_PELU | B82: =Resumen!E40 -> 0 | D82: =$B$82 -> 0 | F82: Subcontratación, horas peluquería
A83: S_REC | B83: =Resumen!E41 -> 0 | D83: =$B$83 -> 0 | F83: Subcontratación, horas recpeción
A84: S_ADMON | B84: =Resumen!E42 -> 0 | D84: =$B$84 -> 0 | F84: Subcontratación, horas administración
A85: S_CD | B85: =Resumen!E43 -> 0 | D85: =$B$85 -> 0 | F85: Subcontratación, horas personal centro día
A86: Σ_DIR | B86: =Resumen!F29 -> 0 | D86: =$B$86 -> 0 | F86: Total horas director
A87: Σ_TEC | B87: =Resumen!F30 -> 0 | D87: =$B$87 -> 0 | F87: Total horas técnico
A88: Σ_OTEC | B88: =Resumen!F31 -> 0 | D88: =$B$88 -> 0 | F88: Total horas otros técnicos
A89: Σ_ENF | B89: =Resumen!F32 -> 0 | D89: =$B$89 -> 0 | F89: Total horas enfermería
A90: Σ_CUI | B90: =Resumen!F33 -> 0 | D90: =$B$90 -> 0 | F90: Total horas cuidador
A91: Σ_MAN | B91: =Resumen!F34 -> 0 | D91: =$B$91 -> 0 | F91: Total horas mantenimiento
A92: Σ_COC | B92: =Resumen!F35 -> 0 | D92: =$B$92 -> 0 | F92: Total horas cocina
A93: Σ_SGEN | B93: =Resumen!F36 -> 0 | D93: =$B$93 -> 0 | F93: Total horas servicios generales
A94: Σ_SMULT | B94: =Resumen!F37 -> 0 | D94: =$B$94 -> 0 | F94: Total horas servicios múltiples
A95: Σ_LIMP | B95: =Resumen!F38 -> 0 | D95: =$B$95 -> 0 | F95: Total horas limpieza y lavandería
A96: Σ_PODO | B96: =Resumen!F39 -> 0 | D96: =$B$96 -> 0 | F96: Total horas podólogo
A97: Σ_PELU | B97: =Resumen!F40 -> 0 | D97: =$B$97 -> 0 | F97: Total horas peluquería
A98: Σ_REC | B98: =Resumen!F41 -> 0 | D98: =$B$98 -> 0 | F98: Total horas recpeción
A99: Σ_ADMON | B99: =Resumen!F42 -> 0 | D99: =$B$99 -> 0 | F99: Total horas administración
A100: Σ_CD | B100: =Resumen!F43 -> 0 | D100: =$B$100 -> 0 | F100: Total horas personal centro día
A101: GEN(CUI) | B101: =Resumen!J30 -> 0 | D101: =$B$101 -> 0 | F101: Horas de personal de servicios generales que realizan actividades propias de cuidadores
A102: GEN(HOST) | B102: =Resumen!K30 -> 0 | D102: =$B$102 -> 0 | F102: Horas de personal de servicios generales que realizan actividades propias de personal de hostelería
A103: MULT(CUI) | B103: =Resumen!J31 -> 0 | D103: =$B$103 -> 0 | F103: Horas de personal de servicios múltiples que realizan actividades propias de cuidadores
A104: MULT(HOST) | B104: =Resumen!K31 -> 0 | D104: =$B$104 -> 0 | F104: Horas de personal de servicios múltiples que realizan actividades propias de personal de hostelería
...
